cohdb
Replays
Latest Replays
All Replays
Popular Replays
Top Player Replays
Match Explorer
How It Works
Community
CoH3 Stats
Reddit
Sign in to upload your games and track your stats! →
Sign in with Steam
Match 38384111
Unlisted
Match 38384111
Overview
Messages
Build Orders
End
Panzergrenadier Squad
250 Light Carrier
Selects Italian Infantry
Panzergrenadier Squad
Construct Light Support Kompanie
Assault Grenadier Squad
Fire Support Elements
Flakvierling Half-track
Selects Guastatori Squad
Guastatori Squad
Pak 38 Mechanized Group
Construct Panzerarmee Kommand
TheKat
只愛❤毛妹
0
0
Comments
sign in to comment!
No comments posted yet!